 Dungeon Crawl Stone Soup version 0.31-a0-819-gf6de2f5ab6 (webtiles) character file.

Game seed: 3422035868463936320

553 porpoise the Skirmisher (level 7, -1/44 HPs)
             Began as a Kobold Hunter on Sept 25, 2023.
             Slain by a quokka (4 damage)
             ... summoned by Eustachio
             ... on level 4 of the Dungeon.
             The game lasted 00:08:35 (3306 turns).

porpoise the Skirmisher (Kobold Hunter)             Turns: 3306, Time: 00:08:36

Health: -1/44      AC:  5    Str:  8    XL:     7   Next: 55%
Magic:  7/7        EV: 15    Int: 11    God:
Gold:   126        SH:  0    Dex: 20    Spells: 6/6 levels left

rFire   . . .        b - +2 dagger (drain)
rCold   . . .        (no shield)
rNeg    + . .        p - +2 robe {rN+}
rPois   .            (no helmet)
rElec   .            (no cloak)
rCorr   .            e - +0 pair of gloves
SInv    .            (no boots)
Will    .....        (no amulet)
Stlth   +++          (no ring)
HPRegen 0.27/turn    (no ring)
MPRegen 0.10/turn

%: no passive effects
@: no status effects
A: small, no large weapons, nightstalker 3
a: no special abilities


You were on level 4 of the Dungeon.
You visited 1 branch of the dungeon, and saw 4 of its levels.

You collected 126 gold pieces.

Inventory:

Hand Weapons
 a - a +0 shortbow
 b - a +2 dagger of draining (weapon)
Missiles
 i - 10 boomerangs
Armour
 e - a +0 pair of gloves (worn)
 p - a +2 robe of positive energy (worn)
Jewellery
 m - a ring of flight
 o - an amulet of magic regeneration
Wands
 q - a wand of flame (19)
Scrolls
 c - a scroll of enchant weapon
 d - a scroll of butterflies
 f - a scroll of identify
 g - a scroll of immolation {unknown}
 h - a scroll of noise
 k - a scroll of fear {unknown}
 l - a scroll of torment
 r - 4 scrolls of teleportation


   Skills:
 + Level 5.2 Fighting
 * Level 9.7 Ranged Weapons
 - Level 2.4 Dodging
 - Level 1.3 Stealth


You had 6 spell levels left.
You didn't know any spells.
Your spell library contained the following spells:

 Spells                   Type           Power      Damage    Failure   Level
 Scorch                   Fire           0%         2d5       47%         2
 Dazzling Flash           Conj/Hex       0%         N/A       71%         3
 Gell's Gravitas          Tloc           0%         N/A       71%         3
 Teleport Other           Tloc           0%         N/A       71%         3
 Dimensional Bullseye     Hex/Tloc       0%         N/A       98%         4
 Dispersal                Tloc           0%         N/A       100%        6


Dungeon Overview and Level Annotations

Branches:
Dungeon (4/15)
 Temple: D:4-7

Altars:
Ashenzari
Cheibriados
Okawaru
Qazlal

Annotations:
D:4 Eustachio


Innate Abilities, Weirdness & Mutations

You are small and have problems with some larger weapons.
You are completely attuned to the shadows.


Message History

* * * LOW HITPOINT WARNING * * *
The river rat bites you but does no damage.
You feel better.
The quokka bites you but does no damage.
The quokka misses you. The orc wizard barely misses you.
The shadow imp completely misses you.
The river rat bites you but does no damage.
The quokka barely misses you.
You hit the orc wizard but do no damage.
The orc wizard is heavily wounded.
The quokka completely misses you. The orc wizard barely misses you.
The quokka misses you. The shadow imp hits you.
* * * LOW HITPOINT WARNING * * *
The river rat closely misses you.
You hit the orc wizard. You drain the orc wizard.
You kill the orc wizard!
The quokka misses you. The bat barely misses you. The quokka bites you.
* * * LOW HITPOINT WARNING * * *
The bat barely misses you. The quokka misses you.
The shadow imp barely misses you. The river rat bites you.
* * * LOW HITPOINT WARNING * * *
You hit the shadow imp.
The shadow imp is lightly wounded.
The bat closely misses you. The quokka bites you.
* * * LOW HITPOINT WARNING * * *
The quokka misses you. The shadow imp completely misses you.
The river rat closely misses you.
You hit the shadow imp but do no damage.
The shadow imp is lightly wounded.
The bat hits you but does no damage. The quokka barely misses you.
An orc comes into view. It is wielding a +0 morningstar.
Eustachio gestures wildly while chanting.
Eustachio blinks!
The quokka misses you. The shadow imp misses you. The river rat misses you.
You hit the shadow imp.
The shadow imp is moderately wounded.
The bat barely misses you. The quokka completely misses you.
The quokka misses you. The shadow imp barely misses you.
The river rat misses you. The quokka bites you.
You die...

#. #o## #.S##
####ro######
..55@r.....#
#####rb###.#
...ยง.....#
#####....# #
##...# ##
#...# ###.
#...# ####...
##..####......
#....##......


You could see a river rat (summoned), a white imp (summoned), a shadow imp
(summoned), 2 orcs, 2 quokkas, a bat (summoned) and a ball python.

Vanquished Creatures
  Sigmund (D:3)
  A phantom (D:4)
  2 orc priests (D:4)
  A hound (D:4)
  An iguana (D:4)
  Natasha (D:2)
  Ijyb (D:4)
  2 orc wizards (D:4)
  4 adders
  3 worms
  3 orcs
  8 ball pythons
  8 endoplasms
  2 giant cockroaches
  A goblin (D:3)
  4 hobgoblins
  2 jackals (D:1)
  9 kobolds
  2 quokkas
  7 bats
  3 frilled lizards
  3 rats
69 creatures vanquished.

Notes
Turn   | Place    | Note
-------+----------+-------------------------------------------
     0 | D:1      | porpoise the Kobold Hunter began the quest for the Orb.
     0 | D:1      | Reached XP level 1. HP: 12/12 MP: 1/1
   145 | D:1      | Reached XP level 2. HP: 18/18 MP: 2/2
   318 | D:1      | Reached skill level 6 in Ranged Weapons
   331 | D:1      | Reached XP level 3. HP: 22/22 MP: 3/3
  1440 | D:2      | Noticed Natasha
  1443 | D:2      | Killed Natasha
  1444 | D:2      | Reached XP level 4. HP: 21/28 MP: 4/4
  1653 | D:2      | Reached skill level 7 in Ranged Weapons
  2240 | D:3      | Reached XP level 5. HP: 27/32 MP: 5/5
  2271 | D:3      | Got an unusual book
  2567 | D:3      | Noticed Sigmund
  2581 | D:3      | Killed Sigmund
  2582 | D:3      | Reached skill level 8 in Ranged Weapons
  2582 | D:3      | Reached XP level 6. HP: 20/39 MP: 6/6
  2721 | D:3      | Found a stormy altar of Qazlal.
  2841 | D:3      | Found a broken altar of Ashenzari.
  2844 | D:3      | Found an iron altar of Okawaru.
  2851 | D:3      | Found a snail-covered altar of Cheibriados.
  3048 | D:4      | Reached skill level 9 in Ranged Weapons
  3048 | D:4      | Reached XP level 7. HP: 33/44 MP: 7/7
  3121 | D:4      | Reached skill level 5 in Fighting
  3200 | D:4      | Noticed Ijyb
  3208 | D:4      | Killed Ijyb
  3272 | D:4      | Noticed Eustachio
  3304 | D:4      | HP: 2/44 [quokka[Eustachio] (3)]
  3306 | D:4      | Slain by a quokka

Illustrated notes

Levels and vault maps discovered:
D:1:      kennysheep_arrival_forest, layout_loops_cross, minmay_splitting_lines,
          minmay_tromino_i4
D:2:      layout_basic, grunt_ministairs_7, chequers_serial_rivers_micro_b,
          uniq_natasha
D:3:      layout_loops_ring, grunt_qazlal_sundering,
          grunt_temple_overflow_diamond, hangedman_decor_peaks_small,
          minmay_distorted, uniq_sigmund
D:4:      layout_basic, kennysheep_little_box, uniq_pikel, uniq_eustachio,
          uniq_ijyb

Skill      XL: |  1  2  3  4  5  6  7 |
---------------+----------------------+-----
Ranged Weapons | 6 7 8 9 |  9.7
Fighting       | 3 4 5 |  5.2
Dodging        | |  2.4
Stealth        | |  1.3

Action                     |  1- 3 |  4- 6 |  7- 9 || total
---------------------------+-------+-------+-------++-------
  Melee: Unarmed           |       |     2 |       ||     2
         Dagger            |       |       |    30 ||    30
         Punch             |       |       |     1 ||     1
   Fire: Shortbow          |    86 |    90 |    43 ||   219
    Use: Scroll            |     3 |     2 |     1 ||     6
         Potion            |       |       |     3 ||     3
 Armour: Leather armour    |    18 |    22 |       ||    40
         Robe              |       |     8 |    62 ||    70
  Dodge: Dodged            |    20 |    47 |    99 ||   166

Table legend: (Time is in decaauts)
 A = Elapsed time spent in this place.
 B = Non-inter-level travel time spent in this place.
 C = Inter-level travel time spent in this place.
 D = Time resting spent in this place.
 E = Time spent auto-exploring this place.
 F = Levels seen in this place.
 G = Mean time per level.
                   A        B        C        D        E       F      G
               +--------+--------+--------+--------+--------+-----+--------+
         Total |   3320 |   3184 |    136 |    486 |   2248 |   4 |  830.0 |
       Dungeon |   3320 |   3184 |    136 |    486 |   2248 |   4 |  830.0 |
               +--------+--------+--------+--------+--------+-----+--------+

Top non-repeatable levels by time:
     D:2: 1352 daAuts
     D:3: 928 daAuts
     D:1: 715 daAuts
     D:4: 323 daAuts
